SAAA
HOUSTON BC @ GRYFINDOR BRAVES
07/25/2030
 
TOP OF THE 1ST
Houston BC batting - Pitching for Gryfindor Braves : LHP Bradley Roth
Pitching: LHP Bradley Roth
Batting: RHB Habbo Allaart 0-0: Ball
1-0: Foul Ball, location: 2F
1-1: Ball
2-1: Foul Ball, location: 2F
2-2: Ball
3-2: Ground out 6-3 (Groundball, 6M)
Batting: SHB Ricardo Pérez 0-0: Ball
1-0: Ball
2-0: Ground out 5-3 (Groundball, 56)
Batting: RHB António López 0-0: Called Strike
0-1: Called Strike
0-2: Foul Ball, location: 2F
0-2: Strikes out looking
Top of the 1st over - 0 runs, 0 hits, 0 errors, 0 left on base; Houston 0 - Gryfindor 0
BOTTOM OF THE 1ST
Gryfindor Braves batting - Pitching for Houston BC : LHP Nees Stroo
Pitching: LHP Nees Stroo
Batting: RHB Damon Newbold 0-0: Ball
1-0: Called Strike
1-1: Foul Ball, location: 2F
1-2: Ground out 5-3 (Groundball, 56S)
Batting: RHB Roy Herring 0-0: Ball
1-0: Ball
2-0: Ball
3-0: Called Strike
3-1: Base on Balls
Batting: RHB Paul Penrice 0-0: Called Strike
0-1: Ball
1-1: Foul Ball, location: 2F
1-2: SINGLE (Flyball, 9S)
Roy Herring to second
Runner from 2nd tries for 3rd, OUT!
Batting: RHB Raúl Reyna 0-0: Ball
1-0: Called Strike
1-1: Ball
2-1: Ball
3-1: Foul Ball, location: 2F
3-2: Ground out 5-3 (Groundball, 25)
Bottom of the 1st over - 0 runs, 1 hit, 0 errors, 1 left on base; Houston 0 - Gryfindor 0
TOP OF THE 2ND
Houston BC batting - Pitching for Gryfindor Braves : LHP Bradley Roth
Batting: RHB Phil Dougherty 0-0: Ball
1-0: Called Strike
1-1: Fly out, F4 (Popup, 4MD)
Batting: RHB Dennis Morrow 0-0: Called Strike
0-1: Swinging Strike
0-2: Strikes out swinging
Batting: LHB Lee Hart 0-0: DOUBLE (Flyball, 89D)
Batting: RHB Noël Sassetti 0-0: Foul Ball, location: 2F
0-1: Ball
1-1: Fly out, F8 (Flyball, 8LD)
Top of the 2nd over - 0 runs, 1 hit, 0 errors, 1 left on base; Houston 0 - Gryfindor 0
BOTTOM OF THE 2ND
Gryfindor Braves batting - Pitching for Houston BC : LHP Nees Stroo
Batting: RHB Gonzalo Ángel 0-0: Called Strike
0-1: Foul Ball, location: 2F
0-2: Strikes out swinging
Batting: LHB Cris Gonzáles 0-0: Ball
1-0: Called Strike
1-1: Ground out U3 (Groundball, 3)
Batting: RHB Javier López 0-0: Ball
1-0: Ball
2-0: Ball
3-0: Base on Balls
Batting: SHB Jake Richardson 0-0: SINGLE (Flyball, 8RS)
Javier López to second
Runner from 2nd tries for 3rd, SAFE, no throw
Batting: LHB Kyung-chor Pang 0-0: Called Strike
0-1: Ball
1-1: Ball
2-1: Ball
3-1: Foul Ball, location: 2F
3-2: Strikes out looking
Bottom of the 2nd over - 0 runs, 1 hit, 0 errors, 2 left on base; Houston 0 - Gryfindor 0
TOP OF THE 3RD
Houston BC batting - Pitching for Gryfindor Braves : LHP Bradley Roth
Batting: RHB George Zeek 0-0: Called Strike
0-1: Ball
1-1: Called Strike
1-2: Ground out 6-3 (Groundball, 6)
Batting: LHB Dawit Lihalakha 0-0: Ball
1-0: Swinging Strike
1-1: Ball
2-1: Foul Ball, location: 2F
2-2: Strikes out swinging
Batting: RHB Habbo Allaart 0-0: Ball
1-0: Ground out 1-3 (Groundball, 13S)
Top of the 3rd over - 0 runs, 0 hits, 0 errors, 0 left on base; Houston 0 - Gryfindor 0
BOTTOM OF THE 3RD
Gryfindor Braves batting - Pitching for Houston BC : LHP Nees Stroo
Batting: RHB Damon Newbold 0-0: Foul Ball, location: 2F
0-1: Called Strike
0-2: Ground out 6-3 (Groundball, 6)
Batting: RHB Roy Herring 0-0: Swinging Strike
0-1: SINGLE (Flyball, 89S)
Batting: RHB Paul Penrice 0-0: Ball
1-0: Swinging Strike
1-1: Called Strike
1-2: 2-RUN HOME RUN (Flyball, 7LD), Distance : 370 ft
Batting: RHB Raúl Reyna 0-0: Ball
1-0: Ground out 4-3 (Groundball, 4)
Batting: RHB Gonzalo Ángel 0-0: Ball
1-0: Ball
2-0: Called Strike
2-1: Ball
3-1: Foul Ball, location: 2F
3-2: Foul Ball, location: 2F
3-2: Base on Balls
Batting: LHB Cris Gonzáles 0-0: Called Strike
0-1: Ground out 6-3 (Groundball, 6S)
Bottom of the 3rd over - 2 runs, 2 hits, 0 errors, 1 left on base; Houston 0 - Gryfindor 2
TOP OF THE 4TH
Houston BC batting - Pitching for Gryfindor Braves : LHP Bradley Roth
Batting: SHB Ricardo Pérez 0-0: Ball
1-0: Fly out, F8 (Flyball, 8RM)
Batting: RHB António López 0-0: Called Strike
0-1: Ground out 1-3 (Groundball, P)
Batting: RHB Phil Dougherty 0-0: Ball
1-0: Swinging Strike
1-1: Ball
2-1: Foul Ball, location: 2F
2-2: Ball
3-2: Foul Ball, location: 2F
3-2: Ground out 6-3 (Groundball, 6)
Top of the 4th over - 0 runs, 0 hits, 0 errors, 0 left on base; Houston 0 - Gryfindor 2
BOTTOM OF THE 4TH
Gryfindor Braves batting - Pitching for Houston BC : LHP Nees Stroo
Batting: RHB Javier López 0-0: Called Strike
0-1: Ball
1-1: Ball
2-1: Fly out, F9 (Line Drive, 9)
Batting: SHB Jake Richardson 0-0: Called Strike
0-1: Foul Ball, location: 2F
0-2: Ball
1-2: Ball
2-2: Ball
3-2: Foul Ball, location: 2F
3-2: Foul Ball, location: 2F
3-2: SINGLE (Flyball, 7LS)
Batting: LHB Kyung-chor Pang 0-0: Called Strike
0-1: SINGLE (Flyball, 7LS)
Jake Richardson to second
Pitching: LHP Ismael Padilla
Batting: RHB Damon Newbold 0-0: Called Strike
0-1: Ball
1-1: Fly out, F5 (Popup, 5F)
Batting: RHB Roy Herring 0-0: Called Strike
0-1: Swinging Strike
0-2: Foul Ball, location: 2F
0-2: Ball
1-2: Ground out 5-3 (Groundball, 56)
Bottom of the 4th over - 0 runs, 2 hits, 0 errors, 2 left on base; Houston 0 - Gryfindor 2
TOP OF THE 5TH
Houston BC batting - Pitching for Gryfindor Braves : LHP Bradley Roth
Batting: RHB Dennis Morrow 0-0: Called Strike
0-1: Ball
1-1: Ball
2-1: Ball
3-1: Ground out 4-3 (Groundball, 4)
Batting: LHB Lee Hart 0-0: Called Strike
0-1: Called Strike
0-2: SINGLE (Groundball, 6MD)
Batting: RHB Noël Sassetti 0-0: Fly out, F9 (Flyball, 89M)
Batting: RHB George Zeek 0-0: Called Strike
0-1: Ball
1-1: Foul Ball, location: 2F
1-2: DOUBLE (Line Drive, 89XD)
Lee Hart to third
Runner from 3rd tries for Home, SAFE, no throw
Batting: LHB Dawit Lihalakha 0-0: Called Strike
0-1: SINGLE (Flyball, 89S)
George Zeek to third
Runner from 3rd tries for Home, SAFE, no throw
Batting: RHB Habbo Allaart 0-0: Called Strike
0-1: Ball
1-1: Foul Ball, location: 2F
1-2: Strikes out swinging
Top of the 5th over - 2 runs, 3 hits, 0 errors, 1 left on base; Houston 2 - Gryfindor 2
BOTTOM OF THE 5TH
Gryfindor Braves batting - Pitching for Houston BC : LHP Ismael Padilla
Batting: RHB Paul Penrice 0-0: Ball
1-0: Fly out, F6 (Popup, 6M)
Batting: RHB Raúl Reyna 0-0: Ball
1-0: Called Strike
1-1: Ball
2-1: Ground out 5-3 (Groundball, 56)
Batting: RHB Gonzalo Ángel 0-0: Called Strike
0-1: Fly out, F4 (Flyball, 4D)
Bottom of the 5th over - 0 runs, 0 hits, 0 errors, 0 left on base; Houston 2 - Gryfindor 2
TOP OF THE 6TH
Houston BC batting - Pitching for Gryfindor Braves : LHP Bradley Roth
Batting: SHB Ricardo Pérez 0-0: Called Strike
0-1: Ball
1-1: Swinging Strike
1-2: Strikes out swinging
Batting: RHB António López 0-0: Foul Ball, location: 2F
0-1: Ball
1-1: Reached on error, E4 (Groundball, 4)
Batting: RHB Phil Dougherty 0-0: Ball
1-0: Ball
2-0: Called Strike
2-1: Ball
3-1: DOUBLE (Groundball, 5L)
António López to third
Runner from 3rd tries for Home, SAFE, no throw
Batting: RHB Dennis Morrow 0-0: Intentional Walk
Batting: LHB Lee Hart 0-0: Fly out, F8 (Flyball, 8RS)
Batting: RHB Noël Sassetti 0-0: Ball
1-0: Fielders Choice at 2nd, 5-4 (Groundball, 56)
Top of the 6th over - 1 run, 1 hit, 1 error, 2 left on base; Houston 3 - Gryfindor 2
BOTTOM OF THE 6TH
Gryfindor Braves batting - Pitching for Houston BC : LHP Ismael Padilla
Batting: LHB Cris Gonzáles 0-0: Swinging Strike
0-1: Foul Ball, location: 2F
0-2: Ground out 4-3 (Groundball, 4S)
Batting: RHB Javier López 0-0: Ball
1-0: Swinging Strike
1-1: Ground out U3 (Groundball, 3)
Batting: SHB Jake Richardson 0-0: Ball
1-0: Foul Ball, location: 2F
1-1: Ball
2-1: SINGLE (Line Drive, 5D)
Batting: LHB Kyung-chor Pang 0-0: Ball
1-0: Fly out, F5 (Popup, 15)
Bottom of the 6th over - 0 runs, 1 hit, 0 errors, 1 left on base; Houston 3 - Gryfindor 2
TOP OF THE 7TH
Houston BC batting - Pitching for Gryfindor Braves : LHP Bradley Roth
Batting: RHB George Zeek 0-0: Ball
1-0: Ball
2-0: Foul Ball, location: 2F
2-1: Reached on error, E1 (Groundball, 15S)
Batting: LHB Dawit Lihalakha 0-0: Sac Bunt - play at first, batter OUT! 1-4
George Zeek to second
Batting: RHB Habbo Allaart 0-0: Intentional Walk
Batting: SHB Ricardo Pérez 0-0: Foul Ball, location: 2F
0-1: Foul Ball, location: 2F
0-2: Ball
1-2: Ball
2-2: Foul Ball, location: 2F
2-2: SINGLE (Groundball, 56D)
George Zeek to third
Habbo Allaart to second
Runner from 3rd tries for Home, SAFE, no throw
Batting: RHB António López 0-0: Ball
1-0: Grounds into double play, 1-6-3 (Groundball, 13)
Top of the 7th over - 1 run, 1 hit, 1 error, 1 left on base; Houston 4 - Gryfindor 2
BOTTOM OF THE 7TH
Gryfindor Braves batting - Pitching for Houston BC : LHP Ismael Padilla
Batting: RHB Damon Newbold 0-0: Foul Ball, location: 2F
0-1: Foul Ball, location: 2F
0-2: SINGLE (Groundball, 4D)
Batting: RHB Roy Herring 0-0: Ball
1-0: Sac Bunt - play at first, batter OUT! 3-4
Damon Newbold to second
Batting: RHB Paul Penrice 0-0: Called Strike
0-1: Called Strike
0-2: Ball
1-2: Ball
2-2: Ball
3-2: Foul Ball, location: 2F
3-2: Base on Balls
Batting: RHB Raúl Reyna 0-0: Ball
1-0: Fly out, F4 (Line Drive, 4)
Batting: RHB Gonzalo Ángel 0-0: Called Strike
0-1: Ball
1-1: SINGLE (Groundball, 6D)
Damon Newbold to third
Paul Penrice to second
Runner from 3rd tries for Home, SAFE, no throw
Pinch Runner at 2nd Emílio Gonzáles:
Batting: LHB Cris Gonzáles 0-0: Ball
1-0: Foul Ball, location: 2F
1-1: Called Strike
1-2: Ball
2-2: Foul Ball, location: 2F
2-2: Ball
3-2: Ground out U3 (Groundball, 3)
Bottom of the 7th over - 1 run, 2 hits, 0 errors, 2 left on base; Houston 4 - Gryfindor 3
TOP OF THE 8TH
Houston BC batting - Pitching for Gryfindor Braves : LHP Bradley Roth
Now at 1B: Emílio Gonzáles
Batting: RHB Phil Dougherty 0-0: Swinging Strike
0-1: Ball
1-1: Ball
2-1: Fly out, F8 (Line Drive, 8LD)
Batting: RHB Dennis Morrow 0-0: Ball
1-0: Ball
2-0: Ground out 5-3 (Groundball, 5L)
Batting: LHB Lee Hart 0-0: Called Strike
0-1: Ball
1-1: Swinging Strike
1-2: Ball
2-2: Strikes out swinging
Top of the 8th over - 0 runs, 0 hits, 0 errors, 0 left on base; Houston 4 - Gryfindor 3
BOTTOM OF THE 8TH
Gryfindor Braves batting - Pitching for Houston BC : LHP Ismael Padilla
Now at SS: Marvin Hayes
Batting: RHB Javier López 0-0: Ball
1-0: Ball
2-0: Ground out 6-3 (Groundball, 6)
Batting: SHB Jake Richardson 0-0: Foul Ball, location: 2F
0-1: Ball
1-1: Ball
2-1: Foul Ball, location: 2F
2-2: Fly out, F5 (Popup, 5SF)
Batting: LHB Kyung-chor Pang 0-0: Ball
1-0: Ball
2-0: Foul Ball, location: 2F
2-1: SINGLE (Groundball, 34D)
Pitching: RHP Pepe Delgado
Batting: RHB Damon Newbold 0-0: Called Strike
0-1: Fielders Choice at 2nd, 6-4 (Groundball, 6)
Bottom of the 8th over - 0 runs, 1 hit, 0 errors, 1 left on base; Houston 4 - Gryfindor 3
TOP OF THE 9TH
Houston BC batting - Pitching for Gryfindor Braves : LHP Bradley Roth
Batting: RHB Marvin Hayes 0-0: Ball
1-0: Foul Ball, location: 2F
1-1: Ball
2-1: Ball
3-1: Foul Ball, location: 2F
3-2: Strikes out swinging
Pitching: LHP Suezo Amano
Batting: RHB George Zeek 0-0: SINGLE (Line Drive, 78S)
Batting: LHB Dawit Lihalakha 0-0: Fly out, F5 (Popup, 6S)
Batting: RHB Habbo Allaart 0-0: Reached on error, E4 (Groundball, 34)
George Zeek to second
Batting: SHB Ricardo Pérez 0-0: Ball
1-0: Foul Ball, location: 2F
1-1: Ball
2-1: Foul Ball, location: 2F
2-2: Ball
3-2: Fly out, F6 (Popup, 6MS)
Top of the 9th over - 0 runs, 1 hit, 1 error, 2 left on base; Houston 4 - Gryfindor 3
BOTTOM OF THE 9TH
Gryfindor Braves batting - Pitching for Houston BC : RHP Pepe Delgado
Pitching: RHP Stef Dijkman
Batting: RHB Roy Herring 0-0: Called Strike
0-1: Ball
1-1: Ball
2-1: Swinging Strike
2-2: Foul Ball, location: 2F
2-2: Ball
3-2: Base on Balls
Pinch Hitting: LHB Kelly Brown 0-0: Called Strike
0-1: Foul Ball, location: 2F
0-2: Ball
1-2: Ball
2-2: Ball
3-2: Base on Balls
Roy Herring to second
Pinch Hitting: LHB Ignacio Medine 0-0: Foul Ball, location: 2F
0-1: Foul Ball, location: 2F
0-2: Strikes out swinging
Batting: RHB Gonzalo Ángel 0-0: Ball
1-0: Swinging Strike
1-1: Ball
2-1: Called Strike
2-2: Foul Ball, location: 2F
2-2: Fly out, F9 (Flyball, 9LM)
Batting: LHB Cris Gonzáles 0-0: Called Strike
0-1: Fielders Choice at 2nd, 6-4 (Groundball, 6)
Bottom of the 9th over - 0 runs, 0 hits, 0 errors, 2 left on base; Houston 4 - Gryfindor 3
Sunday, March 18th, 2018 - OOTP Baseball 18.8 Build 76